[Event "*** Titled Tuesday Blitz"]
[Site "Chess.com"]
[Date "2020.11.03"]
[Round "2"]
[White "Eliwood44"]
[Black "Shubinkirill2003"]
[Result "0-1"]
[WhiteElo "2449"]
[BlackElo "2696"]
[TimeControl "180+1"]
[EndTime "10:20:06 PST"]
[Termination "Shubinkirill2003 won by resignation"]

1. d4 e6 2. Nf3 Nf6 3. e3 b6 4.
Bd3 Bb7 5. O-O d5 6. c4 Bd6 7. Nc3 a6 8. cxd5 exd5 9. Ne5 O-O 10. f4 Nbd7 11. Qf3 c5 12. Qh3 b5 13. Nxd7 g6 14. Nxf6+ Qxf6 15. Ne2 Rfe8 16. Bd2 c4 17. Bc2 b4 18. f5 g5 19. Ng3 c3 20. Nh5 Qh6 21. bxc3 bxc3 22. Bc1 Kh8 23. Rb1 Bc6 24. f6 Bb5 25. Re1 Re6 26. a4 Bc4 27. Bf5 Ree8 28.
Rb7 Rf8 29. Ng3 Qxh3 30. Bxh3 Rab8 31. Rd7 Bb4 32. Bf5 Rb6 33. Bc2 Rxf6 34. e4 dxe4 35. Nxe4 Re8 36. Bxg5 Rg6 37. h4 f5 38. Nf6 Rxe1+ 39.
Kh2 Re7 40. Rd8+ Kg7 41. Bxf5 Rxf6 42. Bxf6+ Kxf6 43. Bc2 Bd6+ 44. Rxd6+ Kf7 45. Rc6 Re2 46. Rxc4 Rxc2 47. d5 Ke7 48. Rc6 Kd7 49. Rc4 Kd6 50.
Rc8 Kxd5 51. Kh3 Kd4 52. g4 Rd2 53. g5 c2 54. h5 Kd3 55. Rxc2 Rxc2 56. g6 hxg6 57.
hxg6 Rc6 58. Kg4 Rxg6+ 59. Kf5 Rb6 60. Ke5 Rb4 61. Kd6 Rxa4 0-1

[Event "*** Titled Tuesday Blitz"]
[Site "Chess.com"]
[Date "2020.11.03"]
[Round "2"]
[White "Jospem"]
[Black "lefonghua"]
[Result "1-0"]
[WhiteElo "3017"]
[BlackElo "2602"]
[TimeControl "180+1"]
[EndTime "10:20:07 PST"]
[Termination "Jospem won by resignation"]

1. e4 c5 2. Nf3 g6 3. d4 cxd4 4. Nxd4 Bg7 5. c4 Nc6 6. Be3 Nf6 7. Nc3 d6 8. Be2 O-O 9. O-O Bd7 10. h3 Nxd4 11.
Bxd4 Bc6 12. Qc2 a5 13. Rad1 Nd7 14. Bxg7 Kxg7 15. Bg4 Nc5 16. e5 f5 17. exf6+ Rxf6 18. Nd5 Bxd5 19. cxd5 h5 20. Be2 Qb6 21. Rd4 Nd7 22.
Re4 Ne5 23. Bd1 Raf8 24. g3 R8f7 25.
Kg2 Qb5 26. f4 Qxd5 27. Kh2 Nc6 28. Rfe1 h4 29. Qg2 hxg3+ 30. Qxg3 Nd4 31. Qf2 e5 32. Qg3 exf4 33. Qf2 f3 34. Rxd4 Qxa2 35. Rg4 Qd5 36. Reg1 Qe5+ 37. R1g3 d5 38. Bc2 Kf8 39. Kg1 Re6 40.
Bxg6 Rff6 41. Rxf3 Qe1+ 42. Qxe1 Rxe1+ 43. Kg2 Re2+ 44. Kg3 Rxf3+ 45. Kxf3 Rxb2 46. Rg5 Rd2 47. h4 Ke7 48. h5 Kf6 49. Rf5+ Ke6 50. Rf8 Rh2 51. Kg3 Rh1 52. Ra8 b6 53. Ra6 Kd6 54. Rxb6+ Kc5 55. Ra6 Kb5 56. Rd6 Kc5 57. Rd8 a4 58. Bf7 d4 59. Rd5+ Kc4 60. h6 Kc3 61. Rc5+ Kb2 62. Bh5 d3 63. h7 d2 64. h8=Q+ 1-0

[Event "*** Titled Tuesday Blitz"]
[Site "Chess.com"]
[Date "2020.11.03"]
[Round "2"]
[White "Anna_ChessMate"]
[Black "Tocras"]
[Result "1-0"]
[WhiteElo "2535"]
[BlackElo "2789"]
[TimeControl "180+1"]
[EndTime "10:20:08 PST"]
[Termination "Anna_ChessMate won by checkmate"]

1. d4 Nf6 2. c4 b6 3. Nf3 Bb7 4. Nc3 e6 5. a3 Ne4 6. Nxe4 Bxe4 7. Bf4 Be7 8. e3 O-O 9. Bd3 Bb7 10. O-O d6 11. e4 Nd7 12. Qc2 Re8 13. Rfe1 Bf8 14. Rad1 e5 15. Bg5 Be7 16. Be3 Bf6 17. b4 a5 18. c5 exd4 19. Bxd4 bxc5 20. Bxf6 Qxf6 21. bxc5 Nxc5 22. e5 Qh6 23. Nd4 Nxd3 24. Rxd3 Rxe5 25. Rxe5 dxe5 26. Nf5 Qb6 27. Rb3 Qa6 28. Qxc7 Qe2 29. Rb1 g6 30. Qxb7 Rd8 31. Ne3 Rd2 32. Qf3 Qd3 33. Rb8+ Kg7 34. h3 Qd6 35. Rb7 Qe6 36. a4 Ra2 37. Qd5 Qxd5 38. Nxd5 Ra1+ 39. Kh2 Rxa4 40.
f3 Rd4 41. Nc7 Kf6 42. Ra7 a4 43. Nb5 Rb4 44. Nd6 Ke6 45. Ne4 f5 46. Nc5+ Kd5 47. Nxa4 h5 48. Nc3+ Kd4 49. Ne2+ Ke3 50. Ng3 h4 51.
Ra3+ Kf2 52. Nh1+ Ke1 53. Ra1+ Ke2 54. Ra6 e4 55. fxe4 fxe4 56. Rxg6 e3 57. Re6 Rb1 58.
g4 hxg3+ 59. Nxg3+ Kf3 60. Rf6# 1-0

[Event "*** Titled Tuesday Blitz"]
[Site "Chess.com"]
[Date "2020.11.03"]
[Round "2"]
[White "ENajer77"]
[Black "Mikhal867"]
[Result "0-1"]
[WhiteElo "2683"]
[BlackElo "2360"]
[TimeControl "180+1"]
[EndTime "10:20:08 PST"]
[Termination "Mikhal867 won on time"]

1. d4 g6 2. e4 Bg7 3. Nc3 d6 4. Bc4 e6 5. f4 Ne7 6. Nf3 a6 7. Bd3 Nd7 8. O-O b6 9. f5 e5 10.
dxe5 Nxe5 11. Nxe5 Bxe5 12. Bf4 Nc6 13. Qd2 Bb7 14.
Bg5 f6 15. Bh6 g5 16. Bc4 Bxc3 17. Qxc3 Ne5 18. Bg7 Ke7 19. Bxh8 Qxh8 20. Bd5 Qc8 21. Qh3 Bxd5 22. exd5 Qg8 23. c4 Kd7 24. Rfe1 a5 25.
Qb3 Qe8 26. Re4 Kc8 27. Rae1 Kb7 28. Qc3 Qe7 29. b3 Re8 30. a3 Ra8 31. b4 axb4 32.
axb4 Qd7 33. c5 dxc5 34. bxc5 Qxd5 35. cxb6 cxb6 36. Rd4 Qc5 37. Qxc5 bxc5 38. Rd6 Ra6 39. Rb1+ Ka7 40. Re6 c4 41. Re7+ Ka8 42. Re8+ Ka7 43. Re7+ Ka8 44. Rxh7 Rc6 45. Rhb7 c3 46. R7b3 Ka7 47.
Ra1+ Ra6 48. Rxa6+ Kxa6 49. Rxc3 Kb5 50. Rc2 Kb4 51.
g3 Nf3+ 52. Kf2 Nxh2 53. Rc6 Kb5 54. Ke2 Kxc6 55. Ke3 Kd5 56. Kf2 Ke5 57. Kg2 Ng4 58. Kf3 Kxf5 0-1

[Event "*** Titled Tuesday Blitz"]
[Site "Chess.com"]
[Date "2020.11.03"]
[Round "2"]
[White "wanyaland"]
[Black "Skat2704"]
[Result "1-0"]
[WhiteElo "2279"]
[BlackElo "2405"]
[TimeControl "180+1"]
[EndTime "10:20:08 PST"]
[Termination "wanyaland won by resignation"]

1. d4 d5 2. c4 e6 3. Nc3 Nf6 4.
Nf3 Be7 5. e3 O-O 6. Bd3 b6 7.
O-O Bb7 8. Qe2 Nbd7 9. e4 dxe4 10. Nxe4 c5 11. Rd1 Qc8 12. Bf4 Nxe4 13. Bxe4 Bxe4 14. Qxe4 Nf6 15. Qe2 Rd8 16. d5 Bd6 17. Bg5 Be7 18.
dxe6 Qxe6 19. Qxe6 fxe6 20. Ne5 Rac8 21. Kf1 h6 22.
Bh4 g5 23. Bg3 Ne4 24. Ke2 Nxg3+ 25. hxg3 Bf6 26. Nd3 Kf7 27. Rac1 Rd4 28. b3 Rcd8 29. Ne1 e5 30. Nf3 Re4+ 31. Kf1 g4 32. Rxd8 Bxd8 33. Nh2 Rd4 34. Ke2 h5 35. Rd1 Ke6 36. Rxd4 exd4 37. Kd3 Kf5 38. f3 Bc7 39. Nf1 Kg5 40. Ke4 h4 41.
gxh4+ Kxh4 42. f4 Bd8 43. b4 Be7 44. b5 Bd8 45. a4 Be7 46. Kd5 Bf6 47. Kc6 d3 48.
Kb7 Bc3 49. Kxa7 d2 50. Nxd2 Bxd2 51. Kxb6 Kg3 52. f5 Kxg2 53. f6 Kh3 54. f7 Bh6 55.
a5 g3 56. a6 g2 57. a7 g1=Q 58. a8=Q Qg6+ 59. Qc6 Qg7 60. Qe6+ Kg2 61. Kxc5 Qf8+ 62. Kc6 Kf3 63. c5 Be3 64. Qd5+ Ke2 65. b6 Qa8+ 66.
b7 Qa6+ 67. Kd7 Qb5+ 68. Kc8 1-0

[Event "*** Titled Tuesday Blitz"]
[Site "Chess.com"]
[Date "2020.11.03"]
[Round "2"]
[White "Politov_Pavel"]
[Black "Frogo47"]
[Result "1-0"]
[WhiteElo "2284"]
[BlackElo "2438"]
[TimeControl "180+1"]
[EndTime "10:20:11 PST"]
[Termination "Politov_Pavel won by resignation"]

1. d4 Nf6 2. c4 g6 3. Nc3 d5 4.
cxd5 Nxd5 5. e4 Nxc3 6. bxc3 Bg7 7. Nf3 c5 8. Be2 O-O 9. Rb1 b6 10. O-O Bb7 11. d5 Bxc3 12. Bc4 Bg7 13. Qe2 Qc8 14. Bg5 Re8 15. e5 Ba6 16. e6 fxe6 17.
Rfe1 Bxc4 18. Qxc4 Qa6 19. Qe4 Qc8 20. Qc4 Qa6 21.
Rb5 Nd7 22. Rxe6 Nf6 23. d6 Kh8 24. dxe7 Nd5 25. Ne5 Nc3 26. Nf7+ Kg8 27. Nh6+ Kh8 28. Re3 Qxa2 29. Rxc3 Qxc4 30. Rxc4 Bxh6 31. Bxh6 Rxe7 32. Kf1 Rd7 33. Ra4 Re8 34. Be3 Kg8 35. h4 Kf7 36. Rb3 h5 37. Rba3 Ra8 38. Ra6 Ke7 39. Rxb6 axb6 40.
Rxa8 Rb7 41. Rh8 Kf6 42. Rc8 Kf5 43. f3 Ke5 44. Ke2 Kd5 45. g4 Kc4 46. gxh5 gxh5 47.
f4 Rg7 48. f5 Rf7 49. Rc6 Rxf5 50. Rxb6 Re5 51. Rc6 Kb5 52. Rc8 c4 53. Kf3 Rf5+ 54.
Ke4 Rf1 55. Bg5 Re1+ 56. Kf5 Kb4 57. Kg6 Rg1 58. Kxh5 c3 59. Kg6 Kb3 60. h5 c2 61.
h6 Rd1 62. h7 Rd6+ 63. Bf6 Rd7 64. h8=Q c1=Q 65. Rxc1 Rd5 66. Qg8 1-0

[Event "*** Titled Tuesday Blitz"]
[Site "Chess.com"]
[Date "2020.11.03"]
[Round "2"]
[White "CrazyMartian"]
[Black "esskeettit"]
[Result "1-0"]
[WhiteElo "2313"]
[BlackElo "2457"]
[TimeControl "180+1"]
[EndTime "10:20:12 PST"]
[Termination "CrazyMartian won by resignation"]

1. d4 Nf6 2. Bf4 e6 3. e3 d5 4. Nd2 c5 5. c3 Nc6 6. Ngf3 Bd6 7. Bg3 O-O 8. Bd3 b6 9. e4 dxe4 10. Nxe4 Nxe4 11. Bxe4 Bb7 12. dxc5 Bxc5 13. O-O Qxd1 14. Rfxd1 Rad8 15. b4 Be7 16. b5 Na5 17. Bxb7 Nxb7 18. Nd4 Bf6 19. Nc6 Rxd1+ 20. Rxd1 Bxc3 21. Rd7 Nc5 22. Rxa7 h5 23. h4 g6 24. a4 Re8 25. Bc7 Nd7 26. Bd6 Nf6 27. Be5 Bxe5 28. Nxe5 Rd8 29. f3 Rd1+ 30. Kh2 Rd4 31. Nxf7 Rxh4+ 32. Kg3 Rd4 33.
Ng5 e5 34. Ne6 Rd6 35. Ng5 Rd4 36. Re7 Rxa4 37. Rxe5 Rb4 38. Re6 h4+ 39. Kh2 Nd5 40.
Rxg6+ Kf8 41. Ne6+ Kf7 42. Rh6 Rxb5 43. Nd4 Rb2 44.
Rxh4 Ne3 45. Rf4+ Kg6 46. Kh3 Kg5 47. Re4 Nf1 48. f4+ Kf6 49. Nf3 b5 50. Re5 b4 51.
Rb5 b3 52. g3 Ne3 53. Rb6+ Kf7 54. g4 Rb1 55. Nd4 Rh1+ 56. Kg3 Rg1+ 57. Kf3 Rxg4 58.
Rxb3 Nd5 59. Rb7+ Kg6 60. Kxg4 Nf6+ 61. Kf3 Ne4 62. Rb6+ 1-0

[Event "*** Titled Tuesday Blitz"]
[Site "Chess.com"]
[Date "2020.11.03"]
[Round "2"]
[White "Everyfishknows"]
[Black "oneshot007"]
[Result "1-0"]
[WhiteElo "2419"]
[BlackElo "2204"]
[TimeControl "180+1"]
[EndTime "10:20:12 PST"]
[Termination "Everyfishknows won by resignation"]

1. Nf3 c5 2. c4 g6 3. e4 Bg7 4. d4 cxd4 5. Nxd4 Nc6 6. Be3 Qb6 7. Nb3 Qd8 8. Nd4 Qb6 9. Nb3 Qd8 10. Nc3 d6 11. Qd2 Nf6 12. f3 O-O 13. Be2 Be6 14. O-O a5 15. Nd5 a4 16. Nd4 Bxd5 17. cxd5 Nxd4 18.
Bxd4 Nd7 19. Rfc1 Qa5 20. Qe3 Rfc8 21. h4 Qb4 22. Bxg7 Kxg7 23. Rab1 Rxc1+ 24. Qxc1 Qd4+ 25. Kh2 Qf2 26. Qe1 Qxe1 27. Rxe1 Rc8 28. Bb5 Nb6 29. Re2 Rc5 30. Bd3 Nd7 31. Rc2 Rxc2 32. Bxc2 b5 33.
a3 Nc5 34. Kg3 Kf6 35. Kf4 h6 36. Ke3 g5 37. hxg5+ hxg5 38. g3 e5 39. dxe6 fxe6 40. Kd4 Na6 41. f4 gxf4 42. gxf4 Nc7 43. e5+ dxe5+ 44.
fxe5+ Kg5 45. Be4 Kf4 46. Bc6 Kf5 47. Bb7 Kf4 48. Be4 Kg5 49. Kc5 Kf4 50. Kd4 Kg5 51.
Bd3 Kf4 52. Bc2 Kg5 53. Bb1 Kf4 54. Bd3 Nd5 55. Bxb5 Ne7 56. Bxa4 Nf5+ 57. Kc5 Kxe5 58.
Bc6 Nd4 59. b4 Nb3+ 60. Kc4 Nd2+ 61. Kd3 Nb1 62. a4 Kd6 63. Be4 Na3 64. Kc3 Ke5 65. Bh7 1-0

[Event "*** Titled Tuesday Blitz"]
[Site "Chess.com"]
[Date "2020.11.03"]
[Round "2"]
[White "cassoulet"]
[Black "MashaFromRussia"]
[Result "1/2-1/2"]
[WhiteElo "2612"]
[BlackElo "2339"]
[TimeControl "180+1"]
[EndTime "10:20:14 PST"]
[Termination "Game drawn - insufficient material"]

1. e4 c5 2. Nc3 Nc6 3. Bb5 Nd4 4.
Nf3 Nxb5 5. Nxb5 d6 6. O-O Nf6 7. Re1 e5 8. c3 a6 9. Na3 Be7 10. d4 cxd4 11. cxd4 exd4 12. Nxd4 O-O 13. Bg5 h6 14. Bh4 Bg4 15. Qd3 Rc8 16. h3 Bh5 17. Nf5 Bg6 18. Nxe7+ Qxe7 19. Qd4 Qe5 20. Bxf6 Qxf6 21.
Qxf6 gxf6 22. Rad1 Rc6 23. b3 b5 24. Rd2 Rfc8 25. g4 Rc1 26. Rxc1 Rxc1+ 27. Kg2 Bxe4+ 28. f3 Bg6 29. Rxd6 Rb1 30. Rxa6 Rb2+ 31. Kg3 Rxa2 32.
b4 Bd3 33. Ra5 Kg7 34. Kf4 Kg6 35. Ke3 Bf1 36. Nb1 Re2+ 37. Kf4 Rb2 38. Nc3 Rxb4+ 39. Kg3 Rb3 40. Ne4 Be2 41. Nd2 Rd3 42. Ra2 Bd1 43.
Rb2 b4 44. Kf4 b3 45. Ke4 Rc3 46. Kf4 Rc2 47. Rxc2 Bxc2 48. Nc4 Kg7 49. Ke3 Kf8 50. Kd2 Ke7 51. Ne3 Ke6 52. f4 Be4 53. Kc3 Bd5 54. Nf5 Bg2 55. h4 Bf3 56. Nd4+ Kd5 57. Nxf3 Ke4 58. g5 fxg5 59. fxg5 hxg5 60. Nxg5+ Kf5 61.
Kxb3 Kg4 62. Nf3 f5 63. Kc4 f4 64. Kd4 Kxf3 65. h5 Kg2 66. h6 f3 67. h7 f2 68.
h8=Q f1=Q 69. Qg7+ Kf2 70. Qf6+ Ke2 71. Qa6+ Kf2 72.
Qf6+ Kg2 73. Qg5+ Kf2 74. Qe3+ Kg2 75. Qg5+ Kf2 76. Qh4+ Kg2 77. Qg4+ Kf2 78. Qf4+ Kg2 79. Qxf1+ Kxf1 1/2-1/2

[Event "*** Titled Tuesday Blitz"]
[Site "Chess.com"]
[Date "2020.11.03"]
[Round "2"]
[White "Brave_spirit12"]
[Black "German_Bazeev"]
[Result "1/2-1/2"]
[WhiteElo "2500"]
[BlackElo "2738"]
[TimeControl "180+1"]
[EndTime "10:20:18 PST"]
[Termination "Game drawn - insufficient material"]

1. e4 c6 2. d4 d5 3. Nc3 dxe4 4. Nxe4 Nf6 5. Nxf6+ exf6 6. Nf3 Bd6 7. Bd3 O-O 8. O-O Bg4 9. c3 Nd7 10. h3 Bh5 11. g4 Bg6 12. Kg2 Re8 13. Be3 Nf8 14. Re1 Bc7 15. Qd2 Qd5 16. c4 Qd7 17. Re2 Ne6 18.
Rae1 Rad8 19. Bxg6 hxg6 20. Rd1 f5 21. d5 fxg4 22.
hxg4 Nc5 23. Kh3 Ne4 24. Qd3 f5 25. Kg2 f4 26. Bxa7 Qxg4+ 27. Kf1 Qh3+ 28. Kg1 Qf5 29. Rde1 cxd5 30. cxd5 Nf6 31. Rxe8+ Rxe8 32. Rxe8+ Nxe8 33. Qxf5 gxf5 34. Bc5 Kf7 35. Nd4 g6 36. Ne6 Be5 37. b4 b5 38. Nd8+ Kf6 39. Nc6 Bd6 40. Bd4+ Kf7 41.
a3 Nc7 42. Na7 g5 43. Bb6 Nxd5 44. Bd4 Nc7 45. Bb6 Nd5 46. Bd4 Nc7 47. Bb6 g4 48. Bxc7 Bxc7 49. Nxb5 Be5 50. a4 Ke6 51. a5 Kd5 52. a6 Kc6 53. a7 Kb7 54. Kg2 f3+ 55. Kf1 f4 56. Na3 g3 57. Nc4 Bd4 58. Nd2 Bxf2 59.
Nxf3 Bxa7 60. Kg2 Be3 61. Nh4 Kc6 62. Nf5 Bc1 63. Nxg3 fxg3 64. Kxg3 Kb5 65. Kf3 Kxb4 1/2-1/2

[Event "*** Titled Tuesday Blitz"]
[Site "Chess.com"]
[Date "2020.11.03"]
[Round "2"]
[White "Smile2005"]
[Black "BegmuratovKh2010"]
[Result "0-1"]
[WhiteElo "2274"]
[BlackElo "2459"]
[TimeControl "180+1"]
[EndTime "10:20:21 PST"]
[Termination "BegmuratovKh2010 won on time"]

1. Nf3 Nf6 2. g3 g6 3. Bg2 Bg7 4.
O-O O-O 5. d3 d6 6. e4 e5 7. Nc3 Nc6 8. d4 Bg4 9. h3 Bxf3 10.
Bxf3 Nxd4 11. Bg2 c5 12. Nd5 Nxd5 13. exd5 Nf5 14. c3 Ne7 15. Qb3 Qd7 16. Bg5 f6 17. Be3 f5 18. Bg5 Bf6 19. Bh6 Rf7 20. f4 e4 21. h4 Rc8 22. c4 Kh8 23. Kh2 Bd4 24.
Bg5 Ng8 25. h5 Bf6 26. hxg6 hxg6 27. Bxf6+ Nxf6 28. Rh1 Rh7+ 29. Kg1 Kg7 30. Qc3 Rxh1+ 31. Kxh1 Rh8+ 32. Kg1 Kf7 33. b3 Rh7 34. Kf2 Ng4+ 35. Kg1 Qd8 36. b4 Qb6 37. b5 Qd8 38. a4 Rh5 39.
Re1 Qg8 40. Qa5 Qc8 41. Qxa7 Kf6 42. Qb6 Qd7 43. a5 g5 44. fxg5+ Kxg5 45. a6 Qh7 46. Qd8+ Kg6 47. Qxd6+ Kg5 48. Qf4+ Kf6 49. axb7 Qxb7 50. Rxe4 Kg7 51. Re6 Qa7 52. Qc1 Qa2 53. Qc3+ Kf7 54. Qf3 Qf2+ 0-1

[Event "*** Titled Tuesday Blitz"]
[Site "Chess.com"]
[Date "2020.11.03"]
[Round "2"]
[White "monalize"]
[Black "infinitegiantkiller"]
[Result "0-1"]
[WhiteElo "2267"]
[BlackElo "2455"]
[TimeControl "180+1"]
[EndTime "10:20:21 PST"]
[Termination "infinitegiantkiller won on time"]

1. e4 e6 2. d4 d5 3. exd5 exd5 4. Bd3 Nf6 5. Qf3 Be7 6. Ne2 O-O 7. h3 c5 8. c3 Nc6 9. O-O cxd4 10. Nxd4 Nxd4 11.
cxd4 Qb6 12. Rd1 Be6 13. Nc3 Rac8 14. Rb1 g6 15. Bh6 Rfe8 16. Bg5 Ne4 17. Bxe7 Rxe7 18. Bxe4 dxe4 19. Qxe4 Rd7 20. d5 Bf5 21. Qa4 Rcd8 22.
Rbc1 Qxb2 23. g4 Bd3 24. Qd4 Ba6 25. Rb1 Qa3 26. Ne4 Rd6 27. Nxd6 Qxd6 28. Rb3 b6 29.
Qe4 Bb7 30. Rbd3 Rd7 31. R3d2 Re7 32. Qf3 Qe5 33. Rd3 Qd6 34. a3 a5 35. Qg3 Qc5 36. d6 Rd7 37. Qe3 Qc6 38. f3 b5 39. Kf2 b4 40. axb4 axb4 41. R1d2 Kg7 42. Qd4+ f6 43. Qxb4 Ba6 44. Rd4 Rb7 45. Qa3 Rd7 46. Qe3 Bb7 47.
Rd5 Qc4 48. R5d4 Qc6 49. R4d3 Qc1 50. Qe7+ Rxe7 51. dxe7 Bc6 52. Rd6 Qc5+ 53. Kg2 Kf7 54. Rd8 Qxe7 55. R8d3 Qc5 56. Re2 Kg7 57. Rdd2 Qc3 58.
Rf2 Qe3 59. Rc2 Bd5 60. Rb2 Qe5 61. Rbd2 Kh6 62. Rde2 Qf4 63. Rc2 Be6 64. Rcd2 f5 65. Rd3 fxg4 66. hxg4 Kg5 0-1

[Event "*** Titled Tuesday Blitz"]
[Site "Chess.com"]
[Date "2020.11.03"]
[Round "2"]
[White "The_Machine04"]
[Black "Beltraxtor"]
[Result "0-1"]
[WhiteElo "2319"]
[BlackElo "2541"]
[TimeControl "180+1"]
[EndTime "10:20:23 PST"]
[Termination "Beltraxtor won on time"]

1. d4 d5 2. Bf4 Nf6 3. e3 c5 4. c3 e6 5. Nd2 Bd6 6. Bg3 Qc7 7. Ngf3 Nbd7 8. Bd3 e5 9. dxe5 Nxe5 10. Nxe5 Bxe5 11.
Bxe5 Qxe5 12. O-O O-O 13. Re1 Bg4 14. Qc2 Rfe8 15. e4 c4 16. Bf1 dxe4 17. Nxc4 Qc7 18. Ne3 Be6 19. Rad1 Rad8 20. b3 Rc8 21. c4 b5 22. Rc1 bxc4 23. Bxc4 Qb8 24. Qe2 Bxc4 25. Rxc4 Rcd8 26. h3 h5 27. Rec1 Qb5 28. R4c2 Rd3 29. Rc7 a6 30. Qc2 Nd5 31. Nxd5 Qxd5 32. Qc6 Qe5 33. Rc8 Rxc8 34. Qxc8+ Kh7 35. Qxa6 Rd2 36. Rf1 e3 37. fxe3 Qxe3+ 38. Kh1 Qe4 39. Rg1 Rd3 40. Kh2 Qf4+ 41. Kh1 Qe4 42. Kh2 h4 43. Qc4 Qxc4 44. bxc4 Rc3 45. Ra1 Rxc4 46. a4 Rc6 47. a5 Ra6 48.
Ra4 g5 49. Kg1 Kg6 50. Kf2 Kf5 51. Ke3 Ke5 52. Kd3 Kd5 53. Kc3 Kc5 54. Rg4 f6 55. Ra4 Kb5 56. Ra1 Rxa5 57. Rxa5+ Kxa5 58. Kd4 f5 59. Ke5 g4 60. Kxf5 gxh3 61. gxh3 Kb5 0-1

[Event "*** Titled Tuesday Blitz"]
[Site "Chess.com"]
[Date "2020.11.03"]
[Round "2"]
[White "JoachimMouhamad"]
[Black "AndrewMcStone"]
[Result "1/2-1/2"]
[WhiteElo "2387"]
[BlackElo "2143"]
[TimeControl "180+1"]
[EndTime "10:20:23 PST"]
[Termination "Game drawn by repetition"]

1. e4 Nc6 2. Nf3 d6 3. d4 Nf6 4.
Nc3 g6 5. Be2 Bg7 6. d5 Nb8 7.
O-O O-O 8. Bf4 e5 9. dxe6 Bxe6 10. Nd4 Bd7 11. Re1 Re8 12. Bc4 Nc6 13. Nxc6 Bxc6 14.
e5 dxe5 15. Rxe5 Nh5 16. Rxe8+ Qxe8 17. Bxc7 Rc8 18. Bg3 Bxg2 19. Bxf7+ Qxf7 20. Kxg2 Bxc3 21. bxc3 Nxg3 22. hxg3 Rxc3 23. Qd8+ Kg7 24. Qd4+ Qf6 25. Qe4 Qc6 26. Qxc6 Rxc6 27. Rc1 Rc3 28. Kf1 b5 29. Rd1 a5 30. Rd5 Rxc2 31. Rxb5 Rxa2 32. Rb7+ Kh6 33. Ra7 a4 34. Kg2 a3 35. Kg1 Ra1+ 36.
Kg2 a2 37. Ra5 Kg7 38. Kh2 Kf6 39. Kg2 h5 40. Kh2 g5 41. Kg2 h4 42. gxh4 gxh4 43. Kh2 h3 44. Ra8 Kf5 45. Ra4 Ke5 46. Ra8 Kd4 47.
Ra3 Ke4 48. Ra8 Kf3 49. Ra3+ Kxf2 50. Ra8 Ke2 51. Ra7 Kd2 52. Rd7+ Kc3 53. Rc7+ Kb4 54. Rb7+ Ka5 55. Ra7+ Kb6 56. Ra3 Kb5 57. Ra8 Kb4 58. Rb8+ Kc3 59. Rc8+ Kd3 60. Rd8+ Kc4 61. Rc8+ Kb5 62.
Rb8+ Ka6 63. Ra8+ Kb7 64. Ra3 Kb8 65. Ra4 Kb7 66. Ra3 Kb6 67. Ra4 Kb5 68. Ra8 Kb4 69. Rb8+ Kc5 70. Rc8+ Kb6 71. Ra8 Kb7 72. Ra3 1/2-1/2

[Event "*** Titled Tuesday Blitz"]
[Site "Chess.com"]
[Date "2020.11.03"]
[Round "2"]
[White "TigrVShlyape"]
[Black "JosefineHeinemann"]
[Result "1/2-1/2"]
[WhiteElo "2899"]
[BlackElo "2599"]
[TimeControl "180+1"]
[EndTime "10:20:24 PST"]
[Termination "Game drawn by stalemate"]

1. d4 Nf6 2. Nf3 g6 3. c3 Bg7 4.
Bg5 d5 5. e3 O-O 6. Nbd2 b6 7.
Be2 Ba6 8. O-O Bxe2 9. Qxe2 c5 10. dxc5 bxc5 11. e4 d4 12. Bxf6 Bxf6 13. e5 Bg7 14. cxd4 cxd4 15. Qe4 Nd7 16. Nc4 Nb6 17. Na5 Qd5 18.
Qxd5 Nxd5 19. Nc6 d3 20. Rfd1 Rfc8 21. Rxd3 Rxc6 22. Rxd5 Rc2 23. Rb5 f6 24. exf6 Bxf6 25. Rb1 Rac8 26. g3 Rc1+ 27. Rxc1 Rxc1+ 28. Kg2 Rc2 29.
Ra5 Rxb2 30. Rxa7 g5 31. h3 Kf7 32. g4 h6 33. Ra6 Kg7 34. Ra4 Kf7 35. Ne1 Rd2 36. Nf3 Rb2 37. Nh2 Rd2 38. Nf1 Rb2 39.
Ng3 Rd2 40. Nf5 Kg6 41. Ra6 Re2 42. Kf3 Re1 43. a4 h5 44. a5 hxg4+ 45. hxg4 Re5 46.
Ra7 Re1 47. Ra6 Kf7 48. Ng3 Ra1 49. Ne4 Ra3+ 50. Kg2 Ra4 51. Nxf6 exf6 52. f3 Kg6 53. Kf2 Ra3 54. Ke2 Kg7 55. Ra7+ Kg6 56. a6 f5 57. Ra8 fxg4 58. fxg4 Kg7 59. Kd2 Ra4 60. a7 Ra3 61. Kc2 Kh7 62. Kb2 Ra6 63. Kb3 Kg7 64. Kb4 Ra1 65. Kb5 Rb1+ 66. Kc5 Rc1+ 67. Kd6 Rd1+ 68.
Ke6 Ra1 69. Rd8 Rxa7 70. Rd7+ Rxd7 71. Kxd7 Kg6 72. Kd6 Kf6 73. Kd5 Kf7 74. Ke5 Kg6 75. Ke6 Kg7 76. Kf5 Kf7 77. Kxg5 Kg7 78. Kf5 Kf7 79.
g5 Kg7 80. g6 Kg8 81. Kf6 Kf8 82. g7+ Kg8 83. Kg6 1/2-1/2

[Event "*** Titled Tuesday Blitz"]
[Site "Chess.com"]
[Date "2020.11.03"]
[Round "2"]
[White "korbul"]
[Black "Supernotar"]
[Result "0-1"]
[WhiteElo "2549"]
[BlackElo "2848"]
[TimeControl "180+1"]
[EndTime "10:20:24 PST"]
[Termination "Supernotar won by checkmate"]

1. e4 c6 2. d4 d5 3. e5 Bf5 4.
Nf3 e6 5. Be2 Nd7 6. O-O h6 7.
Nbd2 Ne7 8. a4 Bg6 9. a5 Nf5 10.
Nb3 Be7 11. c4 dxc4 12. Bxc4 O-O 13. Qe2 Qc7 14. Be3 Rfd8 15. g4 Nxe3 16. fxe3 c5 17.
Rac1 Rac8 18. h4 Qb8 19. h5 Bh7 20. Qf2 b5 21. Be2 Rf8 22. Qg3 a6 23. Kh2 cxd4 24.
exd4 Rxc1 25. Nxc1 Qc7 26. g5 hxg5 27. Nxg5 Bf5 28.
Nd3 Qxa5 29. Nf4 Qd2 30. Nf3 Qe3 31. Rg1 g6 32. hxg6 fxg6 33. Nxg6 Kf7 34. Nxf8 Nxf8 35. Rg2 Qh6+ 36. Kg1 Qe3+ 37. Qf2 Qf4 38. d5 exd5 39.
Nd4 Qxf2+ 40. Rxf2 Bc5 41. Rxf5+ Ke7 42. Rh5 Bxd4+ 43. Kg2 Bxb2 44. Bg4 a5 45. Kf3 a4 46.
Rh6 Bxe5 47. Ra6 Bd6 48. Bf5 Ne6 49. Bxe6 Kxe6 50. Ke3 a3 51. Kd3 Ke5 52. Ra5 b4 53.
Ra8 b3 54. Re8+ Kf6 55. Ra8 a2 56. Ra6 Ke7 57. Kd4 b2 58. Rxa2 b1=Q 59. Re2+ Kd7 60. Kxd5 Qd1+ 61. Kc4 Qxe2+ 62. Kc3 Qe4 63. Kb2 Bb8 64.
Kb3 Qd4 65. Ka2 Qb6 66. Ka3 Kc6 67. Ka4 Qb2 68. Ka5 Qb5# 0-1

[Event "*** Titled Tuesday Blitz"]
[Site "Chess.com"]
[Date "2020.11.03"]
[Round "2"]
[White "vanyakuba"]
[Black "AlexeiShirov"]
[Result "0-1"]
[WhiteElo "2513"]
[BlackElo "2789"]
[TimeControl "180+1"]
[EndTime "10:20:24 PST"]
[Termination "AlexeiShirov won by resignation"]

1. e4 e5 2. Nf3 Nc6 3. Bb5 a6 4. Ba4 Nf6 5. d3 d6 6. c3 g6 7. Nbd2 Bg7 8. Nf1 Nh5 9. d4 O-O 10. Bg5 Qe8 11. d5 b5 12. dxc6 bxa4 13. Qxa4 f5 14. Ng3 Nf4 15. O-O-O h6 16. Bxf4 exf4 17.
Ne2 fxe4 18. Nfd4 Bg4 19. f3 exf3 20. gxf3 Bxf3 21. Nxf3 Qxe2 22. Rhf1 Rab8 23. Qc2 Qxc2+ 24. Kxc2 Rb6 25. Nd4 g5 26. Ne6 Rfb8 27. Nxc7 Rxb2+ 28. Kd3 Kf7 29. Rde1 Rc8 30. Nd5 Rxc6 31. Re7+ Kf8 32. Rfe1 Be5 33. Rh7 Rb5 34. c4 Rbc5 35. Ke4 Kg8 36.
Ra7 Rxc4+ 37. Kf5 R6c5 38. Ne7+ Kf8 39. Ng6+ Ke8 40. Ke6 Kd8 41. Rb1 Rb5 42. Rd1 Kc8 43. Re7 Rb2 44. Nf8 Rxa2 45. Kf7 Rb2 46. Ra1 Rb7 47. Rxa6 Rxe7+ 48. Kxe7 Kb7 49. Ra2 Rb4 50. Ne6 Rb2 51. Ra4 Rxh2 52. Kd7 Kb6 53. Nd8 Kb5 54. Ra8 Kc4 55. Nc6 f3 56. Ra4+ Kd3 57. Ra3+ Ke4 58. Ke6 f2 59. Ra4+ Kf3 60. Ra3+ Kg2 61. Ra2 Rh1 62.
Kd5 Rd1+ 63. Ke6 Kg3 64. Ra3+ Kg4 65. Ra4+ Kh3 0-1

[Event "*** Titled Tuesday Blitz"]
[Site "Chess.com"]
[Date "2020.11.03"]
[Round "2"]
[White "Nuvas"]
[Black "krzyzan94"]
[Result "1/2-1/2"]
[WhiteElo "2242"]
[BlackElo "2643"]
[TimeControl "180+1"]
[EndTime "10:20:24 PST"]
[Termination "Game drawn by agreement"]

1. d4 Nf6 2. c4 d6 3. Nc3 e5 4. dxe5 dxe5 5. Qxd8+ Kxd8 6. Bd2 Nbd7 7. O-O-O c6 8. h3 Kc7 9. g4 a5 10. Bg2 Nc5 11.
Nf3 Nfd7 12. Ng5 f6 13. Nge4 Nxe4 14. Nxe4 Nc5 15. f4 Nxe4 16. Bxe4 Bd6 17. f5 a4 18. h4 Bc5 19. Kc2 Bd7 20. Rh3 Raf8 21. Rd3 Bc8 22. h5 h6 23. b4 axb3+ 24. axb3 Rd8 25. Ba5+ b6 26. Rxd8 Rxd8 27. Rxd8 Kxd8 28. Bd2 Kc7 29. Kd3 Ba6 30. Kc3 Bd4+ 31. Kc2 Bf2 32. Bb4 c5 33. Bd2 Kd6 34. Kd3 b5 35. e3 bxc4+ 36. bxc4 Bc8 37.
Ke2 Bh4 38. Kf3 Bd7 39. Kg2 Ba4 40. Kh3 Bg5 41. Kg2 Bb3 42. Bd5 Bc2 43. Kg3 e4 44. Kh3 Kc7 45. Ba5+ Kd7 46. Bd2 Kd6 47. Kg3 Bd3 48. Kh3 Kc7 49. Ba5+ Kb8 50. Bd2 Ka7 51. Kg3 Kb6 52. Kf2 Bh4+ 53. Kg2 Bc2 54. Kh3 Bg5 55.
Kg3 Bb3 56. Kh3 Ba2 57. Kg3 Bb1 58. Kh3 Kc7 59. Kg3 Kd6 60. Kh3 Bc2 61. Kg3 Bd3 62.
Kh3 Be2 63. Kg3 Bf3 64. Kh3 Kc7 65. Ba5+ Kb8 66. Bd2 Ka7 67. Kg3 Kb6 68. Kh3 Ka6 69.
Kg3 Kb6 1/2-1/2